MWL (24 & UNDER)
BEMIDJI BENDERS @ BARRY'S BAY ORIOLES
09/12/2023
 
TOP OF THE 1ST
Bemidji Benders batting - Pitching for Barry's Bay Orioles : RHP Luis Pérez
Pitching: RHP Luis Pérez
Batting: RHB António López 0-0: Ball
1-0: Called Strike
1-1: Ball
2-1: Ball
3-1: Called Strike
3-2: Foul Ball, location: 2F
3-2: DOUBLE (Line Drive, 3L)
Batting: RHB Gabriel Stout 0-0: Called Strike
0-1: Ball
1-1: Swinging Strike
1-2: Ball
2-2: Foul Ball, location: 2F
2-2: Fly out, F4 (Line Drive, 4)
Batting: SHB Edgardo Osorio 0-0: Ball
1-0: Ball
2-0: Called Strike
2-1: Called Strike
2-2: SINGLE (Groundball, 34)
António López to third
Runner from 3rd tries for Home, SAFE, no throw or cutoff
Batting: RHB Alfredo López 0-0: Ball
1-0: Ball
Edgardo Osorio steals 2nd base
2-0: Foul Ball, location: 2F
2-1: Ball
3-1: Called Strike
3-2: Strikes out swinging
Batting: RHB Juan Costello 0-0: Foul Ball, location: 2F
0-1: Foul Ball, location: 2F
0-2: Ball
1-2: Strikes out swinging
Top of the 1st over - 1 run(s), 2 hit(s), 0 error(s), 1 left on base; Bemidji 1 - Barry's Bay 0
BOTTOM OF THE 1ST
Barry's Bay Orioles batting - Pitching for Bemidji Benders : RHP Don Wiggins
Pitching: RHP Don Wiggins
Batting: LHB Javier Orozco 0-0: Ball
1-0: Ball
2-0: Ground out 4-3 (Groundball, 4)
Batting: RHB Jeff Stevenson 0-0: Ball
1-0: Called Strike
1-1: SINGLE (Flyball, 9LS)
Batting: SHB Walt Simmons 0-0: Ball
1-0: Called Strike
1-1: Called Strike
1-2: Strikes out swinging
Batting: RHB Enrico Ramos 0-0: DOUBLE (Flyball, 89M)
Jeff Stevenson to third
Batting: RHB Pedro Molina 0-0: Ball
1-0: Ball
2-0: Called Strike
2-1: Ball
3-1: Foul Ball, location: 2F
3-2: Strikes out swinging
Bottom of the 1st over - 0 run(s), 2 hit(s), 0 error(s), 2 left on base; Bemidji 1 - Barry's Bay 0
TOP OF THE 2ND
Bemidji Benders batting - Pitching for Barry's Bay Orioles : RHP Luis Pérez
Batting: RHB Javier Hernández 0-0: Ball
1-0: Foul Ball, location: 2F
1-1: Ball
2-1: Foul Ball, location: 2F
2-2: Strikes out looking
Batting: RHB Ángel Garza 0-0: Ball
1-0: Ball
2-0: Fly out, F9 (Line Drive, 9M)
Batting: RHB Roberto Solís 0-0: Ball
1-0: Ball
2-0: Ball
3-0: Foul Ball, location: 2F
3-1: Foul Ball, location: 2F
3-2: Base on Balls
Batting: RHB Júlio Valdés 0-0: Foul Ball, location: 2F
0-1: Swinging Strike
0-2: Foul Ball, location: 2F
0-2: Ball
1-2: Strikes out swinging
Top of the 2nd over - 0 run(s), 0 hit(s), 0 error(s), 1 left on base; Bemidji 1 - Barry's Bay 0
BOTTOM OF THE 2ND
Barry's Bay Orioles batting - Pitching for Bemidji Benders : RHP Don Wiggins
Batting: RHB Vincent Braun 0-0: Ball
1-0: Ball
2-0: Ground out 6-3 (Groundball, 6)
Batting: LHB Carlos Barrios 0-0: Ball
1-0: Foul Ball, location: 2F
1-1: Ground out 6-3 (Groundball, 6M)
Batting: RHB Curt Wagner 0-0: Ball
1-0: Ball
2-0: Fly out, F6 (Popup, 5DF)
Bottom of the 2nd over - 0 run(s), 0 hit(s), 0 error(s), 0 left on base; Bemidji 1 - Barry's Bay 0
TOP OF THE 3RD
Bemidji Benders batting - Pitching for Barry's Bay Orioles : RHP Luis Pérez
Batting: RHB António López 0-0: Ground out 4-3 (Groundball, 4M)
Batting: RHB Gabriel Stout 0-0: Ball
1-0: SINGLE (Line Drive, 34D)
Batting: SHB Edgardo Osorio 0-0: Ball
1-0: Called Strike
1-1: Fly out, F7 (Flyball, 78D)
Batting: RHB Alfredo López 0-0: Ball
Gabriel Stout is caught stealing 2nd base
Top of the 3rd over - 0 run(s), 1 hit(s), 0 error(s), 0 left on base; Bemidji 1 - Barry's Bay 0
BOTTOM OF THE 3RD
Barry's Bay Orioles batting - Pitching for Bemidji Benders : RHP Don Wiggins
Batting: LHB Juan Romero 0-0: SINGLE (Flyball, 89S)
Batting: LHB Javier Orozco 0-0: SINGLE (Groundball, 34D)
Juan Romero to second
Runner from 2nd tries for 3rd, SAFE, throw made to third
Batting: RHB Jeff Stevenson 0-0: Hit by Pitch
Javier Orozco to second
Batting: SHB Walt Simmons 0-0: Swinging Strike
0-1: Ball
1-1: Foul Ball, location: 2F
1-2: Ball
2-2: Strikes out swinging
Batting: RHB Enrico Ramos 0-0: Called Strike
0-1: Ground out 6-3 (Groundball, 6S)
Juan Romero scores
Javier Orozco to third
Jeff Stevenson to second
Batting: RHB Pedro Molina 0-0: Swinging Strike
0-1: Ball
1-1: Foul Ball, location: 2F
1-2: Strikes out looking
Bottom of the 3rd over - 1 run(s), 2 hit(s), 0 error(s), 2 left on base; Bemidji 1 - Barry's Bay 1
TOP OF THE 4TH
Bemidji Benders batting - Pitching for Barry's Bay Orioles : RHP Luis Pérez
Batting: RHB Alfredo López 0-0: Ball
1-0: Ball
2-0: Ball
3-0: Base on Balls
Batting: RHB Juan Costello 0-0: Foul Ball, location: 2F
0-1: Swinging Strike
0-2: Ball
1-2: Strikes out looking
Batting: RHB Javier Hernández 0-0: Called Strike
0-1: Ball
1-1: Swinging Strike
1-2: Ball
2-2: Grounds into double play, 4-6-3 (Groundball, 4)
Top of the 4th over - 0 run(s), 0 hit(s), 0 error(s), 0 left on base; Bemidji 1 - Barry's Bay 1
BOTTOM OF THE 4TH
Barry's Bay Orioles batting - Pitching for Bemidji Benders : RHP Don Wiggins
Batting: RHB Vincent Braun 0-0: Ball
1-0: Ground out 5-3 (Groundball, 15S)
Batting: LHB Carlos Barrios 0-0: Swinging Strike
0-1: Ball
1-1: Ball
2-1: Ball
3-1: Fly out, F7 (Flyball, 78M)
Batting: RHB Curt Wagner 0-0: DOUBLE (Line Drive, 7LM)
Batting: LHB Juan Romero 0-0: Ground out 5-3 (Groundball, 56)
Bottom of the 4th over - 0 run(s), 1 hit(s), 0 error(s), 1 left on base; Bemidji 1 - Barry's Bay 1
TOP OF THE 5TH
Bemidji Benders batting - Pitching for Barry's Bay Orioles : RHP Luis Pérez
Batting: RHB Ángel Garza 0-0: SINGLE (Line Drive, 34)
Batting: RHB Roberto Solís 0-0: Ball
1-0: Swinging Strike
1-1: Ball
2-1: Ball
3-1: Foul Ball, location: 2F
3-2: Foul Ball, location: 2F
3-2: Base on Balls
Ángel Garza to second
Batting: RHB Júlio Valdés 0-0: Ball
1-0: Ball
2-0: Ball
3-0: Called Strike
3-1: Foul Ball, location: 2F
3-2: Foul Ball, location: 2F
3-2: Strikes out swinging
Pitching: RHP Chad Weber
Batting: RHB António López 0-0: Called Strike
0-1: Ball
1-1: Foul Ball, location: 2F
1-2: Foul Ball, location: 2F
1-2: Fly out, F9 (Flyball, 9S)
Batting: RHB Gabriel Stout 0-0: Ball
1-0: Foul Ball, location: 2F
1-1: Foul Ball, location: 2F
1-2: Strikes out swinging
Top of the 5th over - 0 run(s), 1 hit(s), 0 error(s), 2 left on base; Bemidji 1 - Barry's Bay 1
BOTTOM OF THE 5TH
Barry's Bay Orioles batting - Pitching for Bemidji Benders : RHP Don Wiggins
Batting: LHB Javier Orozco 0-0: Ball
1-0: Swinging Strike
1-1: Ball
2-1: Ground out 4-3 (Groundball, 4)
Batting: RHB Jeff Stevenson 0-0: Called Strike
0-1: Ball
1-1: Foul Ball, location: 2F
1-2: Ground out 5-3 (Groundball, 56)
Batting: SHB Walt Simmons 0-0: Swinging Strike
0-1: Ball
1-1: Fly out, F4 (Popup, 4)
Bottom of the 5th over - 0 run(s), 0 hit(s), 0 error(s), 0 left on base; Bemidji 1 - Barry's Bay 1
TOP OF THE 6TH
Bemidji Benders batting - Pitching for Barry's Bay Orioles : RHP Chad Weber
Batting: SHB Edgardo Osorio 0-0: Ball
1-0: Ball
2-0: Ball
3-0: Base on Balls
Batting: RHB Alfredo López 0-0: Ball
1-0: Ball
2-0: Swinging Strike
2-1: Ball
3-1: Base on Balls
Edgardo Osorio to second
Batting: RHB Juan Costello 0-0: Called Strike
Edgardo Osorio steals 3rd base
Alfredo López to second
0-1: Ball
1-1: Ball
2-1: Ball
3-1: Called Strike
3-2: Fly out, F7 (Flyball, 78M)
Runner from 3rd tags up, SCORES, no throw
Batting: RHB Javier Hernández 0-0: Called Strike
0-1: Ball
1-1: Swinging Strike
1-2: Foul Ball, location: 2F
1-2: Ball
2-2: Foul Ball, location: 2F
2-2: Ball
3-2: Strikes out swinging
Batting: RHB Ángel Garza 0-0: Ball
1-0: Ball
2-0: Called Strike
2-1: Ball
3-1: Foul Ball, location: 2F
3-2: Foul Ball, location: 2F
3-2: Foul Ball, location: 2F
3-2: Foul Ball, location: 2F
3-2: Foul Ball, location: 2F
3-2: Base on Balls
Batting: RHB Roberto Solís 0-0: Called Strike
0-1: Ball
1-1: Ball
Wild Pitch!
Alfredo López to third
Ángel Garza to second
2-1: Called Strike
2-2: Ball
3-2: Strikes out swinging
Top of the 6th over - 1 run(s), 0 hit(s), 0 error(s), 2 left on base; Bemidji 2 - Barry's Bay 1
BOTTOM OF THE 6TH
Barry's Bay Orioles batting - Pitching for Bemidji Benders : RHP Don Wiggins
Batting: RHB Enrico Ramos 0-0: Called Strike
0-1: Ball
1-1: Foul Ball, location: 2F
1-2: Fly out, F9 (Line Drive, 89M)
Batting: RHB Pedro Molina 0-0: SINGLE (Groundball, 56D)
Batting: RHB Vincent Braun 0-0: Ball
1-0: Foul Ball, location: 2F
1-1: Swinging Strike
1-2: Ball
2-2: Foul Ball, location: 2F
2-2: SINGLE (Flyball, 89S)
Pedro Molina to second
Runner from 2nd tries for 3rd, SAFE, throw made to third
Vincent Braun to second
Batting: LHB Carlos Barrios 0-0: Ball
1-0: Ball
2-0: Foul Ball, location: 2F
2-1: Ball
3-1: Base on Balls
Batting: RHB Curt Wagner 0-0: Ball
1-0: Fly out, F7 (Flyball, 7M)
Runner from 3rd tags up, SCORES, throw made
Batting: LHB Juan Romero 0-0: Called Strike
0-1: Swinging Strike
0-2: Fly out, F8 (Flyball, 8LXD)
Bottom of the 6th over - 1 run(s), 2 hit(s), 0 error(s), 2 left on base; Bemidji 2 - Barry's Bay 2
TOP OF THE 7TH
Bemidji Benders batting - Pitching for Barry's Bay Orioles : RHP Chad Weber
Pinch Hitting: SHB Bob Noble 0-0: Swinging Strike
0-1: Ball
1-1: Ball
2-1: Fly out, F7 (Flyball, 7M)
Pitching: RHP Daniel Betteridge
Batting: RHB António López 0-0: Called Strike
0-1: Ball
1-1: Ball
2-1: Ball
3-1: Called Strike
3-2: Strikes out swinging
Batting: RHB Gabriel Stout 0-0: Called Strike
0-1: Ball
1-1: Called Strike
1-2: Ball
2-2: Foul Ball, location: 2F
2-2: SINGLE (Flyball, 89S)
Batting: SHB Edgardo Osorio 0-0: Ball
1-0: Ball
2-0: Ground out 1-3 (Groundball, 15S)
Top of the 7th over - 0 run(s), 1 hit(s), 0 error(s), 1 left on base; Bemidji 2 - Barry's Bay 2
BOTTOM OF THE 7TH
Barry's Bay Orioles batting - Pitching for Bemidji Benders : RHP Don Wiggins
Now in RF: Bob Noble
Batting: LHB Javier Orozco 0-0: Foul Ball, location: 2F
0-1: Foul Ball, location: 2F
0-2: Strikes out swinging
Batting: RHB Jeff Stevenson 0-0: Ground out U3 (Groundball, 3)
Batting: SHB Walt Simmons 0-0: Ball
1-0: Ground out U3 (Groundball, 3)
Bottom of the 7th over - 0 run(s), 0 hit(s), 0 error(s), 0 left on base; Bemidji 2 - Barry's Bay 2
TOP OF THE 8TH
Bemidji Benders batting - Pitching for Barry's Bay Orioles : RHP Daniel Betteridge
Batting: RHB Alfredo López 0-0: Ball
1-0: Fly out, F7 (Flyball, 7D)
Batting: RHB Juan Costello 0-0: Ball
1-0: Ball
2-0: Called Strike
2-1: Called Strike
2-2: Strikes out swinging
Pinch Hitting: SHB José Cruz 0-0: Foul Ball, location: 2F
0-1: Ball
1-1: SINGLE (Groundball, 56D)
Batting: RHB Ángel Garza 0-0: Called Strike
José Cruz steals 2nd base
0-1: Ball
1-1: Ball
2-1: Foul Ball, location: 2F
2-2: Ball
3-2: Base on Balls
Batting: RHB Roberto Solís 0-0: Foul Ball, location: 2F
0-1: Ball
1-1: Ball
Wild Pitch!
José Cruz to third
Ángel Garza to second
2-1: Ball
3-1: Base on Balls
Batting: SHB Bob Noble 0-0: SINGLE (Groundball, 6MD)
José Cruz scores
Ángel Garza to third
Roberto Solís to second
Throwing error, E8
Ángel Garza scores
Roberto Solís to third
Bob Noble to second
Batting: RHB António López 0-0: Called Strike
0-1: Ball
1-1: Fly out, F8 (Flyball, 8LM)
Top of the 8th over - 2 run(s), 2 hit(s), 1 error(s), 2 left on base; Bemidji 4 - Barry's Bay 2
BOTTOM OF THE 8TH
Barry's Bay Orioles batting - Pitching for Bemidji Benders : RHP Don Wiggins
Pitching: LHP David Taylor
Now at 1B: José Cruz
Batting: RHB Enrico Ramos 0-0: Called Strike
0-1: Swinging Strike
0-2: Foul Ball, location: 2F
0-2: Ball
1-2: Strikes out swinging
Batting: RHB Pedro Molina 0-0: Called Strike
0-1: Ball
1-1: Ground out 5-3 (Groundball, 56)
Batting: RHB Vincent Braun 0-0: Ball
1-0: Called Strike
1-1: Foul Ball, location: 2F
1-2: Strikes out swinging
Bottom of the 8th over - 0 run(s), 0 hit(s), 0 error(s), 0 left on base; Bemidji 4 - Barry's Bay 2
TOP OF THE 9TH
Bemidji Benders batting - Pitching for Barry's Bay Orioles : RHP Daniel Betteridge
Batting: RHB Gabriel Stout 0-0: Ball
1-0: Swinging Strike
1-1: Called Strike
1-2: Foul Ball, location: 2F
1-2: Ball
2-2: Foul Ball, location: 2F
2-2: Ball
3-2: Base on Balls
Batting: SHB Edgardo Osorio 0-0: Ball
1-0: SINGLE (Flyball, 89S)
Gabriel Stout to second
Pitching: LHP Juan Jiménez
Batting: RHB Alfredo López 0-0: Fly out, F8 (Line Drive, 8RM)
Batting: RHB Juan Costello 0-0: Called Strike
0-1: Ball
1-1: Foul Ball, location: 2F
1-2: SINGLE (Groundball, 6MD)
Gabriel Stout to third
Edgardo Osorio to second
Runner from 3rd tries for Home, SAFE, no throw or cutoff
Batting: SHB José Cruz 0-0: Swinging Strike
0-1: Ball
Reached via error on a dropped throw, E6
Edgardo Osorio to third
Juan Costello to second
Batting: RHB Ángel Garza 0-0: Called Strike
0-1: Foul Ball, location: 2F
0-2: Ball
1-2: Ball
2-2: Ball
3-2: Strikes out looking
Batting: RHB Roberto Solís 0-0: Called Strike
0-1: GRAND SLAM HOME RUN (Flyball, 7D), Distance : 349 ft
Batting: SHB Bob Noble 0-0: Called Strike
0-1: Foul Ball, location: 2F
0-2: Ball
1-2: Strikes out swinging
Top of the 9th over - 5 run(s), 3 hit(s), 1 error(s), 0 left on base; Bemidji 9 - Barry's Bay 2
BOTTOM OF THE 9TH
Barry's Bay Orioles batting - Pitching for Bemidji Benders : LHP David Taylor
Batting: LHB Carlos Barrios 0-0: Called Strike
0-1: Swinging Strike
0-2: Ball
1-2: Strikes out swinging
Batting: RHB Curt Wagner 0-0: Foul Ball, location: 2F
0-1: Ball
1-1: DOUBLE (Groundball, 5L)
Batting: LHB Juan Romero 0-0: Called Strike
0-1: Called Strike
0-2: Ground out 4-3 (Groundball, 4M)
Curt Wagner to third
Batting: LHB Javier Orozco 0-0: Ball
1-0: Foul Ball, location: 2F
1-1: Foul Ball, location: 2F
1-2: Foul Ball, location: 2F
1-2: Foul Ball, location: 2F
1-2: Ground out 4-3 (Groundball, 4M)
Bottom of the 9th over - 0 run(s), 1 hit(s), 0 error(s), 1 left on base; Bemidji 9 - Barry's Bay 2
This league is powered by Out of the Park Baseball, the baseball management simulation game for PC, Mac and Linux
Wednesday, December 2nd, 2015 - OOTP Baseball 16.8 Build 38